 Dungeon Crawl Stone Soup version 0.18-a0-1542-g9c1a92e (webtiles) character file.

233 Kidiri the Magician (level 5, 0/29 HPs)
             Began as a Deep Elf Fire Elementalist on Mar 10, 2016.
             Slain by a gnoll
             ... wielding a +0 flail
              (7 damage)
             ... on level 6 of the Dungeon.
             The game lasted 00:09:31 (3041 turns).

Kidiri the Magician (Deep Elf Fire Elementalist)    Turns: 3041, Time: 00:09:31

Health: 0/29       AC:  4    Str:  5    XL:     5   Next: 74%
Magic:  3/14       EV: 13    Int: 21    God:
Gold:   98         SH:  0    Dex: 15    Spells: 5 memorised, 0 levels left

rFire  . . .     SeeInvis .     g - +0 dagger
rCold  . . .     Gourm    .     a - +0 robe
rNeg   + . .     Faith    .     (no shield)
rPois  .         Spirit   .     (no helmet)
rElec  .         Dismiss  .     d - +0 cloak
rCorr  .         Reflect  .     (no gloves)
SustAt .         Harm     .     s - +0 pair of boots (curse)
MR     .....                    (no amulet)
Stlth  ++........               (no ring)
                                l - ring of positive energy

@: about to teleport, not resistant to hostile enchantments, unstealthy
A: no striking features
a: no special abilities


You were on level 6 of the Dungeon.
You were not hungry.

You visited 1 branch of the dungeon, and saw 4 of its levels.

You collected 98 gold pieces.

Inventory:

Hand Weapons
 g - a +0 dagger (weapon)
Armour
 a - a +0 robe (worn)
 d - a +0 cloak (worn)
 k - a +0 large shield
 s - a cursed +0 pair of boots (worn)
Jewellery
 l - a ring of positive energy (left hand)
Scrolls
 e - 4 scrolls of remove curse
 m - a scroll of amnesia {unknown}
 q - a scroll of recharging {unknown}
Potions
 j - a potion of magic {unknown}
 o - 2 potions of resistance {unknown}
 p - 2 potions of brilliance {unknown}
 r - a potion of heal wounds {unknown}
Books
 b - a book of Flames

   Spells                             Type                      Level
   a - Flame Tongue                   Conjuration/Fire             1
   b - Throw Flame                    Conjuration/Fire             2
   c - Conjure Flame                  Conjuration/Fire             3
   d - Inner Flame                    Hexes/Fire                   3
   e - Sticky Flame                   Conjuration/Fire             4
   f - Fireball                       Conjuration/Fire             5
Comestibles
 c - 2 bread rations
 f - 3 chunks of flesh
 h - 5 fruits


   Skills:
 + Level 1.2 Fighting
 + Level 0.2 Armour
 * Level 3.2 Dodging
 + Level 3.5 Stealth
 + Level 0.4 Shields
 * Level 4.9 Spellcasting
 + Level 2.3 Conjurations
 + Level 1.8 Hexes
 + Level 3.9 Fire Magic


You couldn't memorise any spells.
You knew the following spells:

 Your Spells              Type           Power        Failure   Level  Hunger
a - Flame Tongue          Conj/Fire      ###..        3%          1    None
b - Throw Flame           Conj/Fire      ###...       6%          2    None
c - Conjure Flame         Conj/Fire      ###.....     12%         3    ##.....
d - Inner Flame           Hex/Fire       ###.....     12%         3    ##.....
e - Sticky Flame          Conj/Fire      ###.....     34%         4    ####...


Dungeon Overview and Level Annotations

Branches:
Dungeon (3/15)

Altars:
Kikubaaqudgha

Annotations:
D:6 Sigmund


Message History

You feel a bit more experienced. The quokka bites you.
* * * LOW HITPOINT WARNING * * *
The jackal moves out of view.
A jackal comes into view.
Unknown command.
Unknown command.
Unknown command.
Read which item? (? for menu, Esc to quit)
As you read the scroll of teleportation, it crumbles to dust.
You feel strangely unstable.
The jackal barks!
The quokka barely misses you. The gnoll misses you.
The giant frog barely misses you.
Drink which item? (? for menu, Esc to quit)
You feel better.
The jackal barks!
The quokka barely misses you. The giant frog hits you.
* * * LOW HITPOINT WARNING * * *
The gnoll closely misses you. The gnoll hits you with a flail!
You die...

#ยง########.....#....o..
#.# ##....#....hhh..h. #.#
#..####.#..#h..... #.#
##.##.......So.<... .
#.###..#......h..........[
#.##..##.......SO.####....
.....##....$...h.###...#
......#..........g...#
..###...........@#......#
... ...........Frg.....#
... .....................
... ..##.................
.... ... .................
.. ......##.###......... .
.. #......... ... .......


You could see an ogre, a giant frog, a hound, 2 gnolls, 2 adders, an orc, a
quokka and 4 jackals.

Vanquished Creatures
  A howler monkey (D:3)
  2 vampire bats (D:2)
  A gnoll (D:6)
  An adder (D:3)
  A worm (D:2)
  3 dart slugs (D:1)
  3 giant geckos
  4 orcs (D:3)
  5 bats
  3 bat skeletons (D:2)
  3 bat zombies (D:2)
  5 giant cockroaches
  11 goblins
  9 hobgoblins
  4 jackals (D:6)
  9 kobolds
  A quokka (D:3)
  A ball python (D:2)
  A giant newt (D:1)
  3 rats
71 creatures vanquished.

Notes
Turn   | Place    | Note
--------------------------------------------------------------
     0 | D:1      | Kidiri the Deep Elf Fire Elementalist began the quest for the Orb.
     0 | D:1      | Reached XP level 1. HP: 10/10 MP: 6/6
   201 | D:1      | Reached XP level 2. HP: 15/15 MP: 5/8
   207 | D:1      | Learned a level 2 spell: Throw Flame
   606 | D:1      | Reached XP level 3. HP: 20/20 MP: 5/10
   611 | D:1      | Learned a level 3 spell: Conjure Flame
   618 | D:1      | Learned a level 3 spell: Inner Flame
  1187 | D:2      | Reached skill level 4 in Spellcasting
  1245 | D:2      | Found a faded altar to an unknown god.
  1580 | D:2      | Found an ancient bone altar of Kikubaaqudgha.
  1583 | D:2      | Reached skill level 1 in Fighting
  1583 | D:2      | Reached skill level 1 in Hexes
  1583 | D:2      | Reached XP level 4. HP: 25/25 MP: 7/12
  1749 | D:2      | Reached XP level 5. HP: 29/29 MP: 11/13
  1823 | D:2      | Learned a level 4 spell: Sticky Flame
  2996 | D:3      | You fall through a shaft for 3 floors!
  3006 | D:6      | Noticed Sigmund
  3028 | D:6      | Noticed an ogre
  3029 | D:6      | Noticed a centaur
  3029 | D:6      | Noticed an orc warrior
  3035 | D:6      | Noticed a centaur
  3041 | D:6      | Slain by a gnoll

Vault maps used:
D:1:      dpeg_arrival_three_smaller_balls
D:2:      kennysheep_vampire_church, ecumenical_altar_1, first_bread
D:6:      uniq_sigmund

Skill      XL: |  1  2  3  4  5 |
---------------+----------------+-----
Spellcasting   | 4 |  4.9
Fighting       | 1 |  1.2
Stealth        | 3 |  3.5
Hexes          | 1 |  1.8
Dodging        | 3 |  3.2
Conjurations   | 2 |  2.3
Armour         | |  0.2
Shields        | |  0.4
Fire Magic     | |  3.9

Action                   |  1- 3 |  4- 6 || total
-------------------------+-------+-------++-------
Melee: Dagger            |     1 |     3 ||     4
 Cast: Flame Tongue      |    35 |    39 ||    74
       Throw Flame       |    22 |    20 ||    42
       Conjure Flame     |       |     1 ||     1
       Sticky Flame      |       |     1 ||     1
  Use: Scroll            |     3 |     2 ||     5
       Potion            |       |     2 ||     2
 Stab: Sleeping          |       |     1 ||     1
  Eat: Chunk             |     2 |       ||     2
       Meat ration       |       |     1 ||     1
